 Dungeon Crawl Stone Soup version 0.30.0-30-g96aa6591b8 (webtiles) character file.

Game seed: 17533123465421237991

5 GloriousHammer the Trooper (level 1, -4/23 HPs)
             Began as an Ogre Warper on July 1, 2023.
             Slain by a gnoll
             ... wielding a +0 club
              (5 damage)
             ... on level 1 of the Dungeon.
             The game lasted 00:00:40 (239 turns).

GloriousHammer the Trooper (Ogre Warper)             Turns: 239, Time: 00:00:41

Health: -4/23      AC:  3    Str: 14    XL:     1   Next: 80%
Magic:  4/4        EV:  9    Int: 14    God:
Gold:   0          SH:  0    Dex:  8    Spells: 5/5 levels left

rFire   . . .        a - +0 mace
rCold   . . .        (no shield)
rNeg    . . .        b - +0 robe
rPois   .            (helmet restricted)
rElec   .            (no cloak)
rCorr   .            (gloves unavailable)
SInv    .            (boots unavailable)
Will    .....        (no amulet)
Stlth   +            (no ring)
HPRegen 0.23/turn    (no ring)
MPRegen 0.09/turn

%: no passive effects
@: no status effects
A: large, unfitting armour, tough skin 1
a: no special abilities


You were on level 1 of the Dungeon.
You visited 1 branch of the dungeon, and saw 1 of its levels.

Inventory:

Hand Weapons
 a - a +0 mace (weapon)
Missiles
 d - 7 boomerangs of dispersal (quivered)
Armour
 b - a +0 robe (worn)
Scrolls
 c - a scroll of blinking
Potions
 e - 2 potions of curing {unknown}


   Skills:
 * Level 3.0 Fighting
 + Level 1.8 Maces & Flails
 + Level 1.1 Throwing
 - Level 2.1 Dodging
 + Level 2.5 Spellcasting
 + Level 2.7 Translocations


You had 5 spell levels left.
You didn't know any spells.
Your spell library contained the following spells:

 Spells                   Type           Power      Damage    Failure   Level
 Blink                    Tloc           18%        N/A       11%         2
 Lesser Beckoning         Tloc           18%        N/A       11%         2
 Teleport Other           Tloc           9%         N/A       22%         3
 Vhi's Electric Charge    Tloc/Air       10%        N/A       36%         3
 Manifold Assault         Tloc           9%         N/A       58%         4


Dungeon Overview and Level Annotations

Branches:
Dungeon (1/15)

Altars:


Innate Abilities, Weirdness & Mutations

You are too large for most types of armour.
You have tough skin. (AC +1)


Message History

Welcome, GloriousHammer the Ogre Warper.
A smirking vizier told you that the Orb of Zot is just within this dungeon.
Press ? for a list of commands and other information.
Found a ring mail.
Found a staircase leading out of the dungeon.
Okay, then.
You see here a +0 ring mail.
There is an empty arch of ancient stone here.
Found a leather armour.
You see here a +0 leather armour.
e - 2 sedimented black potions A giant cockroach comes into view.
The giant cockroach bites you.
You hit the giant cockroach but do no damage.
The giant cockroach bites you.
You barely miss the giant cockroach. The giant cockroach misses you. x2
You hit the giant cockroach.
You kill the giant cockroach!
You see here a giant cockroach corpse.
HP restored.
A quokka comes into view.
A quokka is nearby!
A quokka is nearby!
The quokka barely misses you. The quokka bites you.
You hit the quokka.
You kill the quokka!
There is an empty arch of ancient stone here.
A giant cockroach comes into view.
A giant cockroach is nearby!
The giant cockroach barely misses you.
You barely miss the giant cockroach. The giant cockroach barely misses you.
The giant cockroach bites you but does no damage.
You hit the giant cockroach.
The giant cockroach is moderately wounded.
The giant cockroach bites you but does no damage. x2
You closely miss the giant cockroach.
The giant cockroach is moderately wounded.
The giant cockroach barely misses you.
You closely miss the giant cockroach.
The giant cockroach is moderately wounded.
The giant cockroach barely misses you. The giant cockroach bites you.
You sock the giant cockroach!
You kill the giant cockroach!
Found a stone staircase leading down.
There is an empty arch of ancient stone here.
Found a scroll labelled VOEZAF MEAXOAN.
A goblin comes into view. It is wielding a +0 dagger.
The goblin shouts!
You hear a shout!
A gnoll comes into view. It is wielding a +0 club.
Found an Everburning Encyclopedia.
The goblin closely misses you.
An endoplasm comes into view.
The endoplasm quivers.
You hit the goblin but do no damage.
An endoplasm comes into view.
The goblin hits you but does no damage. The goblin hits you with a +0 dagger.
The gnoll hits you with a +0 club.
The endoplasm moves out of view.
The gnoll misses you. The goblin attacks as you move away!
The goblin hits you but does no damage. The goblin attacks as you move away!
The goblin closely misses you.
There is an empty arch of ancient stone here.
The goblin attacks as you move away! The goblin closely misses you.
You hit the goblin but do no damage. The goblin hits you with a +0 dagger.
You hit the goblin.
The goblin is moderately wounded.
The goblin misses you.
You hit the goblin.
You kill the goblin!
The gnoll hits you but does no damage.
Your Fighting skill increases to level 3!
You closely miss the gnoll. The gnoll hits you with a +0 club.
You hit the gnoll.
The gnoll is moderately wounded.
The gnoll hits you with a +0 club.
You hit the gnoll.
The gnoll is heavily wounded.
The gnoll hits you with a +0 club. The gnoll closely misses you.
You barely miss the gnoll.
The gnoll is heavily wounded.
The endoplasm jiggles.
The gnoll closely misses you.
You closely miss the gnoll.
The gnoll is heavily wounded.
The gnoll hits you with a +0 club.
You hit the gnoll but do no damage.
The gnoll is moderately wounded.
The gnoll hits you with a +0 club. x2
You sock the gnoll!
The gnoll is almost dead.
The gnoll misses you.
You barely miss the gnoll.
The gnoll is almost dead.
The gnoll hits you with a +0 club.
* * * LOW HITPOINT WARNING * * *
You closely miss the gnoll.
The gnoll is almost dead.
The gnoll hits you with a +0 club.
* * * LOW HITPOINT WARNING * * *
You barely miss the gnoll.
The gnoll is almost dead.
The gnoll hits you with a +0 club.
You die...

#............♣## .: ....#
#.###............## . #.#..
..#.∩....[.......##
##.#.?..#..###............##
...#. ....##...........♣..##
... ...#.......8......♣#
#.###.##...............#
#.....##............♣.##
#...JJg@........♣#######
..........>##...♣.....#
#.....
.######....###.......##
#..... .....#.#
#♣......∩###..... ..........
#♣.♣.###.##..... ###........
##### #.##..... #.#.#.#..#
#........ #.#.#.#..#
#.##..... #.##....[


You could see a gnoll and 2 endoplasms.

Vanquished Creatures
  2 giant cockroaches (D:1)
  A goblin (D:1)
  A quokka (D:1)
4 creatures vanquished.

Notes
Turn   | Place    | Note
-------+----------+-------------------------------------------
     0 | D:1      | GloriousHammer the Ogre Warper began the quest for the Orb.
     0 | D:1      | Reached XP level 1. HP: 22/22 MP: 3/3
   230 | D:1      | Reached skill level 3 in Fighting
   238 | D:1      | HP: 1/23 [gnoll/+0 club (5)]
   239 | D:1      | Slain by a gnoll

Illustrated notes

Levels and vault maps discovered:
D:1:      nzn_arrival_settlement, layout_basic,
          nicolae_ecumenical_snake_handling

Skill      XL: |  1 |
---------------+----+-----
Fighting       | 3 |  3.0
Maces & Flails | |  1.8
Throwing       | |  1.1
Dodging        | |  2.1
Spellcasting   | |  2.5
Translocations | |  2.7

Action                     || total
---------------------------++-------
  Melee: Mace              ||    23
 Armour: Robe              ||     6
  Dodge: Dodged            ||    15
